 Dungeon Crawl Stone Soup version 0.32-a0-481-g9ce6b883f8 (webtiles) character file.

Game seed: 1796751411440707994

253 GordonOverkill the Sneak (level 5, -1/28 HPs)
             Began as a Spriggan Delver on Feb 26, 2024.
             Succumbed to Robin's poison
             ... on level 2 of the Dungeon.
             The game lasted 00:07:39 (2913 turns).

GordonOverkill the Sneak (Spriggan Delver)          Turns: 2913, Time: 00:07:40

Health: -1/28      AC:  2    Str:  8    XL:     5   Next: 90%
Magic:  4/10       EV: 17    Int: 14    God:
Gold:   126        SH:  0    Dex: 16    Spells: 9/10 levels left

rFire   + . .        a - +0 short sword
rCold   + . .        (no shield)
rNeg    . . .        b - +0 robe
rPois   +            (helmet restricted)
rElec   +            (no cloak)
rCorr   +            (gloves unavailable)
SInv    +            (boots unavailable)
Will    +....        (no amulet)
Stlth   ++++         (no ring)
HPRegen 0.24/turn    (no ring)
MPRegen 0.12/turn

%: no passive effects
@: lethally poisoned (-1 -> -8), resistant, enlightened, flying, very slightly
contaminated, very quick
A: very small, no large weapons, unfitting armour, see invisible, speed 3
a: no special abilities


You were on level 2 of the Dungeon.
You visited 1 branch of the dungeon, and saw 7 of its levels.

You collected 126 gold pieces.

Inventory:

Hand Weapons
 a - a +0 short sword (weapon)
Missiles
 q - a throwing net (quivered)
Armour
 b - a +0 robe (worn)
Jewellery
 j - a ring of ice
Wands
 e - a wand of polymorph (6)
 g - a wand of digging (3)
Scrolls
 c - 2 scrolls of fog
 d - a scroll of revelation
 l - a scroll of teleportation
 p - a scroll of vulnerability {unknown}
 r - a scroll of identify {unknown}
Potions
 f - 2 potions of haste
 h - a potion of invisibility
 i - a potion of enlightenment
 m - a potion of brilliance {unknown}
 n - a potion of lignification {unknown}
 o - a potion of ambrosia {unknown}


   Skills:
 - Level 3.0 Fighting
 - Level 2.1 Short Blades
 - Level 2.6 Dodging
 - Level 7.2 Stealth
 - Level 3.0 Spellcasting
 - Level 3.0 Conjurations
 + Level 1.0 Ice Magic
 - Level 2.0 Evocations


You had 9 spell levels left.
You knew the following spells:

 Your Spells              Type           Power      Damage    Failure   Level
a - Freeze                Ice            16%        1d4       14%         1

Your spell library contained the following spells:

 Spells                   Type           Power      Damage    Failure   Level
 Magic Dart               Conj           40%        1d5       6%          1
 Searing Ray              Conj           20%        2d5       10%         2
 Hailstorm                Conj/Ice       7%         3d5       28%         3
 Frozen Ramparts          Ice            8%         1d2       38%         3
 Summon Ice Beast         Ice/Summ       3%         N/A       45%         3
 Fulminant Prism          Conj/Alch      3%         3d5       75%         4
 Sculpt Simulacrum        Ice/Alch       1%         N/A       100%        6


Dungeon Overview and Level Annotations

Branches:
Dungeon (7/15)
 Temple: D:4-7

Altars:

Annotations:
D:2 Terence
D:7 Prince Ribbit


Innate Abilities, Weirdness & Mutations

You are very small and have problems with some larger weapons.
You are too small for most types of armour.
You have supernaturally acute eyesight. (SInv)
You cover ground extremely quickly. (Speed+++)


Message History

* * * LOW HITPOINT WARNING * * *
You are lethally poisoned!
Casting: Freeze (safe; 16% risk of failure)
Confirm with . or Enter, or press ? or * to list all spells.
Aiming: Freeze (safe; 16% risk of failure)
Press: ? - help, Shift-Dir - straight line, f/p - Robin
Aim: Robin, wielding a +1 spear of venom, wearing a +0 animal skin and wearing a +0 helmet (severely wounded)
You freeze Robin.
Robin is severely wounded.
* * * LOW HITPOINT WARNING * * *
You feel very sick. Robin closely misses you.
Casting: Freeze (safe; 16% risk of failure)
Confirm with . or Enter, or press ? or * to list all spells.
Aiming: Freeze (safe; 16% risk of failure)
Press: ? - help, Shift-Dir - straight line, f/p - Robin
Aim: Robin, wielding a +1 spear of venom, wearing a +0 animal skin and wearing a +0 helmet (severely wounded)
You freeze Robin.
Robin is almost dead.
* * * LOW HITPOINT WARNING * * *
You feel very sick. Robin misses you.
Casting: Freeze (safe; 16% risk of failure)
Confirm with . or Enter, or press ? or * to list all spells.
Aiming: Freeze (safe; 16% risk of failure)
Press: ? - help, Shift-Dir - straight line, f/p - Robin
Aim: Robin, wielding a +1 spear of venom, wearing a +0 animal skin and wearing a +0 helmet (almost dead)
You freeze Robin.
You kill Robin!
* * * LOW HITPOINT WARNING * * *
You feel very sick.
Your Ice Magic skill increases to level 1!
It was a potion of enlightenment.
You feel very buoyant.
You fly up into the air.
* * * LOW HITPOINT WARNING * * *
You feel sick.
It was a potion of resistance.
You feel protected.
You die...

..###..............#......#.#.#.#
.............#####.######...###.#
#.#...##....÷....#.# ##### #.#
..#...........#..#.############..
.......###....#..#.......÷...###.
.###..........#..###########.# #<
.# #....####.##).##.......##.# ##
.####).### #.##.)##.......##.#
.#.......# #.##.@##..÷.......#
##.#.#..## #.##..##.......##.#
........# #.....######.####.##
################.# #.......#
...............#.# #######.#
##############.#.# #..)..# #.#.#
#.##### #.#.# #.# #.#.# #>#


There were no monsters in sight!

Vanquished Creatures
  A phantom (D:6)
  A howler monkey (D:5)
  An iguana (D:6)
  Robin (D:2)
  2 adders
  2 gnolls (D:2)
  A shadow imp (D:5)
  A dart slug (D:2)
  A ribbon worm (D:5)
  An orc (D:5)
  7 ball pythons
  6 bats
  6 endoplasms
  9 goblins
  7 hobgoblins
  2 quokkas (D:3)
  2 frilled lizards (D:2)
  2 kobolds (D:1)
  3 rats
56 creatures vanquished.

Notes
Turn   | Place    | Note
-------+----------+-------------------------------------------
     0 | D:5      | GordonOverkill the Spriggan Delver began the quest for the
                  | Orb.
     0 | D:5      | Reached XP level 1. HP: 11/11 MP: 2/2
     1 | D:6      | Noticed an iguana
     1 | D:6      | Noticed a phantom
     2 | D:6      | Killed an iguana
     3 | D:6      | Reached XP level 2. HP: 16/16 MP: 3/6
    23 | D:6      | Killed a phantom
    24 | D:6      | Reached skill level 1 in Conjurations
    24 | D:6      | Reached XP level 3. HP: 7/20 MP: 4/8
    24 | D:6      | Reached XP level 4. HP: 8/24 MP: 4/9
   125 | D:7      | Noticed a sky beast
   147 | D:6      | Noticed a water moccasin
   358 | D:6      | Noticed a bullfrog
   358 | D:6      | Noticed a shadow
   361 | D:6      | Noticed a brown ugly thing
   377 | D:6      | Noticed a kobold brigand
   404 | D:6      | Noticed a bullfrog
   412 | D:7      | Noticed Prince Ribbit
   412 | D:7      | Noticed a sky beast
   412 | D:7      | Noticed an ice beast
   419 | D:7      | Noticed a scorpion
   427 | D:7      | Noticed a water moccasin
   432 | D:7      | Noticed a bullfrog
   456 | D:7      | Noticed a troll
   478 | D:7      | Noticed an orc warrior
   639 | D:5      | Reached XP level 5. HP: 23/28 MP: 10/10
  2245 | D:2      | Reached skill level 1 in Evocations
  2336 | D:2      | Learned a level 1 spell: Freeze
  2363 | D:2      | Noticed Terence
  2739 | D:3      | Noticed Robin
  2911 | D:2      | Killed Robin
  2912 | D:2      | Reached skill level 1 in Ice Magic
  2912 | D:2      | HP: 1/28 [poisoned by Robin]
  2913 | D:2      | Succumbed to Robin's poison

Illustrated notes

Levels and vault maps discovered:
D:1:      dpeg_arrival_castle, layout_loops_corners
D:2:      layout_basic, st_stairs_4, uniq_terence
D:3:      layout_basic, basic_ecumenical_altar, uniq_robin
D:4:      kennysheep_the_goblin_king, layout_loops_corners, uniq_eustachio
D:5:      kennysheep_big_flooded_room, layout_cave_pools,
          riverfiend_overflow_shadow_ancestor, mainiacjoe_overflow_catwalk,
          minmay_temple_entry_statues_pillars
D:6:      layout_cave_pods, minmay_manual_moon
D:7:      layout_cave_pools, uniq_prince_ribbit1

Skill      XL: |  1  2  3  4  5 |
---------------+----------------+-----
Fighting       | 3 |  3.0
Spellcasting   | 2 3 |  3.0
Conjurations   | 1 2 3 |  3.0
Evocations     | 2 |  2.0
Ice Magic      | 1 |  1.0
Short Blades   | |  2.1
Dodging        | |  2.6
Stealth        | |  7.2

Action                     |  1- 3 |  4- 6 || total
---------------------------+-------+-------++-------
  Melee: Short sword       |    17 |   165 ||   182
  Throw: Throwing net      |       |     4 ||     4
   Cast: Freeze            |       |    11 ||    11
    Use: Scroll            |       |     2 ||     2
         Potion            |       |     3 ||     3
   Stab: Sleeping          |     2 |    14 ||    16
         Distracted        |       |     2 ||     2
         Held in net/web   |       |     2 ||     2
 Armour: Robe              |     3 |    69 ||    72
  Dodge: Dodged            |    11 |   152 ||   163

Table legend: (Time is in decaauts)
 A = Elapsed time spent in this place.
 B = Non-inter-level travel time spent in this place.
 C = Inter-level travel time spent in this place.
 D = Time resting spent in this place.
 E = Time spent auto-exploring this place.
 F = Levels seen in this place.
 G = Mean time per level.
                   A        B        C        D        E       F      G
               +--------+--------+--------+--------+--------+-----+--------+
         Total |   2127 |   2071 |     56 |    641 |    702 |   7 |  303.9 |
       Dungeon |   2127 |   2071 |     56 |    641 |    702 |   7 |  303.9 |
               +--------+--------+--------+--------+--------+-----+--------+

Top non-repeatable levels by time:
     D:2: 761 daAuts
     D:1: 696 daAuts
     D:6: 294 daAuts
     D:3: 204 daAuts
     D:5: 83 daAuts
     D:7: 78 daAuts
     D:4: 9 daAuts
